 Dungeon Crawl Stone Soup version 0.20-a0-277-g7db01f4 (webtiles) character file.

1136 Da5id the Grappler (level 8, -2/56 HPs)
             Began as a Demonspawn Gladiator on Dec 13, 2016.
             Slain by a river rat (6 damage)
             ... summoned by Eustachio
             ... on level 6 of the Dungeon.
             The game lasted 00:05:52 (9637 turns).

Da5id the Grappler (Demonspawn Gladiator)           Turns: 9637, Time: 00:05:53

Health: -2/56      AC:  5    Str: 21      XL:     8   Next: 14%
Magic:  8/8        EV: 11    Int:  9      God:
Gold:   224        SH:  0    Dex:  6 (9)  Spells: 7/7 levels left

rFire  . . .     SeeInvis .     A - +7 war axe "Earthworm" {drain, rElec Str+2 Dex-4 Stlth+}
rCold  + + .     Gourm    +     a - +0 leather armour
rNeg   . . .     Faith    .     (no shield)
rPois  +         Spirit   .     b - +0 helmet
rElec  +         Reflect  .     (no cloak)
rCorr  .         Harm     .     q - +0 pair of gloves
MR     .....                    (no boots)
Stlth  ++........               g - amulet of the gourmand
                                w - ring of poison resistance
                                t - ring of protection from cold

@: no status effects
A: talons 2, cold resistance 1, demonic guardian 1
a: no special abilities


You were on level 6 of the Dungeon.
You were not hungry.

You visited 1 branch of the dungeon, and saw 6 of its levels.

You collected 224 gold pieces.

Inventory:

Hand Weapons
 A - the +7 war axe "Earthworm" (weapon) {drain, rElec Str+2 Dex-4 Stlth+}
   (You found it on level 5 of the Dungeon)

   A truly terrible weapon, it drains the life of those it strikes.
   It affects your strength (+2).
   It affects your dexterity (-4).
   It insulates you from electricity.
   It makes you more stealthy.
Missiles
 c - 3 throwing nets (quivered)
Armour
 a - a +0 leather armour (worn)
 b - a +0 helmet (worn)
 q - a +0 pair of gloves (worn)
Jewellery
 g - an amulet of the gourmand (around neck)
 t - a ring of protection from cold (left hand)
 w - a ring of poison resistance (right hand)
Wands
 B - a wand of flame (26/48)
 D - a wand of flame (15/48)
Scrolls
 e - 9 scrolls of identify {unknown}
 f - 2 scrolls of enchant weapon {unknown}
 j - 6 scrolls of teleportation {unknown}
 k - 2 scrolls of recharging {unknown}
 l - a scroll of magic mapping {unknown}
 n - 2 scrolls of remove curse {unknown}
 p - 2 scrolls of blinking {unknown}
 u - 2 scrolls of fear {unknown}
 C - a scroll of noise {unknown}
Potions
 h - 2 potions of curing
 m - 3 potions of brilliance {unknown}
 o - 2 potions of degeneration
 s - a potion of heal wounds
 v - a potion of might {unknown}
Books
 y - a book of Misfortune

   Spells                             Type                      Level
   a - Confusing Touch                Hexes                        1
   b - Confuse                        Hexes                        3
   c - Gell's Gravitas                Hexes/Translocation          3
   d - Petrify                        Transmutation/Earth          4
   e - Metabolic Englaciation         Hexes/Ice                    5
   f - Yara's Violent Unravelling     Hexes/Transmutation          5
 z - a book of Geomancy

   Spells                             Type                      Level
   a - Sandblast                      Earth                        1
   b - Passwall                       Transmutation/Earth          2
   c - Stone Arrow                    Conjuration/Earth            3
   d - Petrify                        Transmutation/Earth          4
   e - Lee's Rapid Deconstruction     Earth                        5
Comestibles
 d - 4 bread rations
 i - a beef jerky
 r - 3 meat rations
 x - 5 fruits


   Skills:
 - Level 2.0 Fighting
 - Level 1.7 Throwing
 - Level 2.6 Dodging
 + Level 9.3 Unarmed Combat


You had 7 spell levels left.
You didn't know any spells.

Dungeon Overview and Level Annotations

Branches:
Dungeon (6/15)             Temple (0/1) D:5

Altars:
Fedhas
Gozag
Makhleb
Trog
Vehumet

Annotations:
D:6 Eustachio


Innate Abilities, Weirdness & Mutations

You have razor-sharp toenails.
Your flesh is cold resistant. (rC+)
A weak demonic guardian rushes to your aid.


Message History

The crimson imp hits your white imp but does no damage.
Your white imp hits the crimson imp.
Your white imp freezes the crimson imp!
The crimson imp is frozen!
You closely miss Eustachio. You miss the quokka.
The quokka barely misses you. x2
Eustachio hits you with a rapier!
* * * LOW HITPOINT WARNING * * *
The crimson imp laughs crazily.
The crimson imp closely misses your white imp.
Your white imp barely misses the crimson imp.
You slash Eustachio! You drain Eustachio! You claw Eustachio, but do no damage.
Eustachio is moderately wounded.
You hit the quokka. You drain the quokka!
You kill the quokka!
The quokka's corpse disappears in a puff of smoke!
The ufetubus disappears in a puff of smoke!
The crimson imp hits your white imp.
Your white imp misses the crimson imp.
Eustachio hits you with a rapier.
* * * LOW HITPOINT WARNING * * *
The crimson imp hits your white imp. The river rat bites you.
You die...

...................
..................#
................... #
.........##.#..#####.#
.........##.#..#...#.#
.........##.#..#.#.#.#
###########.....ยง....####
#....#@#r5....#
###.####.#.##.@5#
.........#.####.#
###.............#
########.###### #........
#########


You could see Eustachio, a crimson imp, a river rat and a friendly white imp.

Vanquished Creatures
  Duvessa (D:6)
  An orc warrior (D:6)
  3 ogres
  A black bear (D:6)
  A centaur (D:5)
  Dowan (D:6)
  2 scorpions
  A howler monkey (D:4)
  A crimson imp (D:5)
  A jelly (D:5)
  3 orc wizards
  2 worker ants
  A worker ant zombie (D:5)
  4 adders
  2 shadow imps
  2 oozes
  An adder skeleton (D:3)
  A worm (D:2)
  2 dart slugs (D:2)
  4 leopard geckos
  15 orcs
  8 bats
  4 giant cockroaches
  8 goblins
  6 hobgoblins
  15 jackals
  3 kobolds
  2 quokkas (D:4)
  A ball python (D:5)
  7 frilled lizards
  A jackal zombie (D:5)
  2 leopard gecko skeletons
  A leopard gecko zombie (D:6)
  4 rats
112 creatures vanquished.

Notes
Turn   | Place    | Note
-------+----------+-------------------------------------------
     0 | D:1      | Da5id the Demonspawn Gladiator began the quest for the Orb.
     0 | D:1      | Reached XP level 1. HP: 16/16 MP: 1/1
   423 | D:1      | Reached skill level 3 in Unarmed Combat
   736 | D:1      | Gained mutation: You have sharp toenails. [demonic ancestry]
   736 | D:1      | Reached XP level 2. HP: 11/22 MP: 2/2
  1741 | D:2      | Gained mutation: A weak demonic guardian rushes to your aid. [demonic ancestry]
  1741 | D:2      | Reached XP level 3. HP: 18/27 MP: 3/3
  2085 | D:2      | Reached skill level 4 in Unarmed Combat
  2190 | D:2      | Found an opulent altar of Gozag.
  2683 | D:2      | Gained mutation: Your flesh is cold resistant. (rC+) [demonic ancestry]
  2683 | D:2      | Reached XP level 4. HP: 20/33 MP: 4/4
  3237 | D:2      | Found a radiant altar of Vehumet.
  3973 | D:3      | Reached skill level 5 in Unarmed Combat
  4443 | D:3      | Reached XP level 5. HP: 37/38 MP: 5/5
  4857 | D:4      | Found a burning altar of Makhleb.
  5030 | D:4      | Noticed an ogre
  5058 | D:4      | Killed an ogre
  5058 | D:4      | Reached skill level 6 in Unarmed Combat
  5058 | D:4      | Gained mutation: You have razor-sharp toenails. [demonic ancestry]
  5058 | D:4      | Reached XP level 6. HP: 20/44 MP: 6/6
  5935 | D:5      | Entered Level 5 of the Dungeon
  5977 | D:5      | Got a pitted war axe
  5978 | D:5      | Identified the +7 war axe "Earthworm" {drain, rElec Str+2 Dex-4 Stlth+} (You found it on level 5 of the Dungeon)
  6054 | D:5      | Found a bloodstained altar of Trog.
  6123 | D:5      | Found a blossoming altar of Fedhas.
  6138 | D:5      | Reached skill level 7 in Unarmed Combat
  6549 | D:5      | Reached XP level 7. HP: 41/50 MP: 7/7
  6934 | D:5      | Found a staircase to the Ecumenical Temple.
  7565 | D:6      | Reached skill level 8 in Unarmed Combat
  7937 | D:6      | Noticed Duvessa
  7937 | D:6      | Noticed Dowan
  7945 | D:6      | Killed Duvessa
  7954 | D:6      | Killed Dowan
  8739 | D:6      | Reached skill level 9 in Unarmed Combat
  8739 | D:6      | Reached XP level 8. HP: 16/56 MP: 8/8
  9620 | D:6      | Noticed Eustachio
  9637 | D:6      | Slain by a river rat

Vault maps used:
D:1:      dpeg_arrival_concentric_ovals
D:2:      lemuel_crystal_altar, lemuel_tele_altar
D:3:      minmay_misc_feat_columns
D:4:      overflow_temple_1_default, abandoned_shop
D:5:      nicolae_overflow_crystal_walls, lemuel_doored_altar, first_bread,
          minivault_14
D:6:      tgw_xom, uniq_duvessa, uniq_eustachio

Skill      XL: |  1  2  3  4  5  6  7 |
---------------+----------------------+-----
Unarmed Combat | 3 4 5 6 7 9 |  9.3
Fighting       | |  2.0
Throwing       | |  1.7
Dodging        | |  2.6

Action                   |  1- 3 |  4- 6 |  7- 9 || total
-------------------------+-------+-------+-------++-------
Melee: Unarmed           |   183 |   198 |       ||   381
       Kick              |    26 |    49 |    16 ||    91
       Punch             |     3 |     6 |     2 ||    11
       War axe           |       |    18 |    74 ||    92
  Use: Potion            |       |     4 |       ||     4
 Stab: Distracted        |       |       |     1 ||     1
       Sleeping          |       |       |     1 ||     1
  Eat: Chunk             |    13 |    16 |     2 ||    31
Armor: Leather armour    |    84 |    76 |    35 ||   195
Dodge: Dodged            |   149 |   160 |    67 ||   376
